 Dungeon Crawl Stone Soup version 0.21-a0-258-g4c0eb85 (webtiles) character file.

14304 Gagarin the Grappler (level 11, 0/157 HPs)
             Began as a Troll Monk on Sept 6, 2017.
             Was a High Priest of Uskayaw.
             Slain by an orc warrior
             ... wielding a +0 long sword
             ... led by an orc warlord
              (17 damage)
             ... on level 1 of the Orcish Mines.
             The game lasted 00:36:23 (8981 turns).

Gagarin the Grappler (Troll Monk)                   Turns: 8981, Time: 00:36:24

Health: 0/157      AC: 25    Str: 22    XL:     11   Next: 87%
Magic:  10/10      EV:  1    Int:  6    God:    Uskayaw [*****.]
Gold:   796        SH:  0    Dex: 14    Spells: 10/10 levels left

rFire    . . .     SeeInvis .     - Unarmed
rCold    . . .     Gourm    +   (no shield)
rNeg     + + +     Faith    .   (armour currently unavailable)
rPois    +         Spirit   .   (helmet currently unavailable)
rElec    .         Reflect  .   (cloak currently unavailable)
rCorr    .         Harm     .   (gloves unavailable)
MR       .....     NoTele   +   (boots unavailable)
Stlth    +++.......             (no amulet)
HPRegen  0.76/turn              (no ring)
MPRegen  0.12/turn              (no ring)

@: tree-form
A: unfitting armour, fast metabolism 3, gourmand, regeneration 1
a: Stomp, Line Pass, Grand Finale, Renounce Religion


You were on level 1 of the Orcish Mines.
You worshipped Uskayaw.
Uskayaw was noncommittal.
You were very full.
You were a tree.
You visited 3 branches of the dungeon, and saw 13 of its levels.

You collected 796 gold pieces.

Inventory:

Hand Weapons
 J - a +0 dire flail of protection
Missiles
 o - 2 javelins (quivered)
Armour
 a - a +0 robe
 k - a +0 cloak (melded)
 E - a +2 robe of resistance (melded)
Jewellery
 g - an uncursed ring of ice
 v - an uncursed amulet of harm
 x - an uncursed ring of poison resistance {unknown}
 y - an uncursed ring of magical power {unknown}
Wands
 e - a wand of confusion (18/48)
 i - a wand of digging (11/24)
 m - a wand of confusion (9/48)
 r - a wand of digging (6/24)
 A - a wand of polymorph (8/24)
 F - a wand of clouds (4/9)
 G - a wand of paralysis (10/24)
 H - a wand of digging (7/24)
 I - a wand of polymorph (7/24)
 K - a wand of polymorph (14/24)
Scrolls
 c - a scroll of random uselessness {unknown}
 d - 3 scrolls of enchant armour
 h - 8 scrolls of remove curse
 q - a scroll of enchant weapon
 u - a scroll of amnesia
 L - a scroll of teleportation {unknown}
Potions
 j - 4 potions of agility
 p - 2 potions of cancellation
 w - 2 potions of brilliance
 z - 3 potions of magic {unknown}
 B - 2 potions of curing
 C - a potion of resistance {unknown}
 D - a potion of mutation {unknown}
Books
 l - a book of the Earth

   Spells                             Type                      Level
   a - Leda's Liquefaction            Hexes/Earth                  4
   b - Bolt of Magma                  Conjuration/Fire/Earth       5
   c - Statue Form                    Transmutation/Earth          6
   d - Iron Shot                      Conjuration/Earth            6
   e - Shatter                        Earth                        9
Comestibles
 b - 12 bread rations
 n - 3 royal jellies
 s - 10 fruits
 t - 2 meat rations
 M - 12 chunks of flesh


   Skills:
 + Level 6.2 Fighting
 + Level 7.6 Dodging
 - Level 4.5 Stealth
 + Level 14.1 Unarmed Combat


You had 10 spell levels left.
You didn't know any spells.

Dungeon Overview and Level Annotations

Branches:
Dungeon (10/15)            Temple (1/1) D:4            Lair (0/6) D:10
    Orc (2/2) D:10
    Elf: Orc:2

Altars:
Ashenzari
Cheibriados
Dithmenos
Elyvilon
Fedhas
Gozag
Hepliaklqana
Kikubaaqudgha
Makhleb
Nemelex Xobeh
Okawaru
Qazlal
Ru
Sif Muna
Trog
Uskayaw
Vehumet
Wu Jian
Xom
Yredelemnul
Zin
The Shining One
Lugonu

Shops:
D:9 (   Orc:1 :


Innate Abilities, Weirdness & Mutations

You are too large for most types of armour.
((You have claws for hands.))
Your metabolism is lightning-fast.
You like to eat raw meat.
Your natural rate of healing is unusually fast.
((You are covered in fur. (AC +1)))
((You have very tough skin. (AC +2)))


Message History

You smack the two-headed ogre!
You kill the two-headed ogre!
Okay, then.
The helpless orc warrior fails to defend itself.
You thrash the orc warrior!!!
You kill the orc warrior!
The helpless orc warrior fails to defend itself.
You thrash the orc warrior!!!
You kill the orc warrior!
The orc is no longer paralysed.
The warg is no longer paralysed.
The orc warrior is no longer paralysed.
The orc is no longer paralysed. x2
The warg is no longer paralysed.
The orc warrior is no longer paralysed.
The orc is no longer paralysed.
The orc warrior is no longer paralysed. x2
The orc is no longer paralysed. x5; The orc priest is no longer paralysed.
The orc warrior is no longer paralysed.
The orc is no longer paralysed.
The warg bites you but does no damage. x2
The orc warrior hits you from afar with a trident!
* * * LOW HITPOINT WARNING * * *
The orc warrior hits you with a long sword!
You die...

# # .....####
.... #
#....#..# ....
#......##.....
.......#.....
#.oooo......


o.ooooo..# #ohhoo..# #)♣o.# #..oo.# ##.....# ###..## ### You could see 2 wargs,
5 orc warriors, an orc priest and 10 orcs.

Vanquished Creatures
  An orc warlord (Orc:1)
  4 two-headed ogres
  A centaur warrior (D:10)
  3 death yaks (D:10)
  Joseph (D:8)
  The ghost of sergedm the Thaumaturge, a novice DECj (D:5)
  Grinder (D:4)
  Prince Ribbit (D:8)
  A hippogriff (D:8)
  Sigmund (D:4)
  3 wyverns
  7 yaks (D:10)
  2 hungry ghosts
  A warg (D:10)
  A water moccasin (D:8)
  A hornet zombie (D:10)
  7 orc warriors
  2 sky beasts
  2 ice beasts
  4 ogres
  2 necrophages
  5 centaurs
  2 gnoll sergeants
  7 bullfrogs
  Blork the orc (D:4)
  A scorpion (D:8)
  6 killer bees (D:7)
  3 wights (D:10)
  5 howler monkeys
  7 crimson imps
  2 jellies
  6 orc priests
  A bullfrog skeleton (D:5)
  3 hounds
  10 orc wizards
  A centaur skeleton (D:8)
  An iguana (D:7)
  Ijyb (D:4)
  7 worker ants
  A worker ant zombie (D:9)
  Robin (D:2)
  9 gnolls
  A river rat (D:3)
  16 adders
  A shadow imp (D:6)
  A white imp (D:6)
  2 adder skeletons
  2 worms
  2 dart slugs
  7 leopard geckos
  56 orcs
  8 bats
  5 giant cockroaches
  13 goblins
  14 hobgoblins
  9 jackals
  6 quokkas
  3 ball pythons
  6 frilled lizards
  A goblin skeleton (D:6)
  A goblin zombie (D:6)
  4 hobgoblin zombies (D:6)
  A jackal zombie (D:5)
  10 kobolds
  A kobold skeleton (D:6)
  2 orc skeletons (D:6)
  2 orc zombies (D:6)
  2 quokka zombies
  8 rats
311 creatures vanquished.

Vanquished Creatures (others)
  An adder skeleton (D:5)
1 creature vanquished.

Grand Total: 312 creatures vanquished

Notes
Turn   | Place    | Note
-------+----------+-------------------------------------------
     0 | D:1      | Gagarin the Troll Monk began the quest for the Orb.
     0 | D:1      | Reached XP level 1. HP: 22/22 MP: 0/0
   364 | D:1      | Reached XP level 2. HP: 29/29 MP: 1/1
   771 | D:2      | Found a snail-covered altar of Cheibriados.
   773 | D:2      | Noticed Robin
   775 | D:2      | Reached XP level 3. HP: 36/36 MP: 2/2
   800 | D:2      | Killed Robin
   822 | D:2      | Reached skill level 4 in Unarmed Combat
   899 | D:2      | Reached XP level 4. HP: 44/44 MP: 3/3
  1050 | D:2      | Found a hazy altar of Hepliaklqana.
  1267 | D:3      | Reached XP level 5. HP: 52/53 MP: 4/4
  1579 | D:3      | Reached skill level 5 in Unarmed Combat
  1632 | D:3      | Found a shimmering altar of Xom.
  1703 | D:3      | Reached XP level 6. HP: 61/61 MP: 5/5
  1734 | D:3      | Found a sparkling altar of Nemelex Xobeh.
  2219 | D:4      | Found a radiant altar of Vehumet.
  2262 | D:4      | Noticed Grinder
  2277 | D:4      | Killed Grinder
  2277 | D:4      | Reached skill level 6 in Unarmed Combat
  2300 | D:4      | Found an ornate altar of the Wu Jian Council.
  2304 | D:4      | Reached XP level 7. HP: 49/67 MP: 6/6
  2412 | D:4      | Noticed Sigmund
  2462 | D:5      | Entered Level 5 of the Dungeon
  2608 | D:5      | Found an iron altar of Okawaru.
  2674 | D:5      | Found a shattered altar of Ashenzari.
  2708 | D:5      | Reached skill level 7 in Unarmed Combat
  2787 | D:5      | Noticed sergedm's ghost (novice DECj)
  3001 | D:6      | Reached XP level 8. HP: 75/75 MP: 7/7
  3019 | D:6      | Found a glowing golden altar of the Shining One.
  3051 | D:6      | Reached skill level 8 in Unarmed Combat
  3331 | D:6      | Reached skill level 9 in Unarmed Combat
  3381 | D:6      | Found a blossoming altar of Fedhas.
  3449 | D:7      | Reached XP level 9. HP: 15/84 MP: 8/8
  3452 | D:7      | Reached skill level 5 in Dodging
  3822 | D:7      | Found a stormy altar of Qazlal.
  3939 | D:7      | Found a burning altar of Makhleb.
  3944 | D:7      | Found a sacrificial altar of Ru.
  3961 | D:7      | Reached skill level 10 in Unarmed Combat
  4372 | D:8      | Noticed Joseph
  4383 | D:8      | Killed Joseph
  4477 | D:8      | Reached skill level 11 in Unarmed Combat
  4551 | D:5      | Killed sergedm's ghost
  4629 | D:5      | Found an ancient bone altar of Kikubaaqudgha.
  5302 | D:4      | Noticed Blork the orc
  5306 | D:4      | Killed Blork the orc
  5306 | D:4      | Reached XP level 10. HP: 94/94 MP: 9/9
  5347 | D:4      | Noticed Ijyb
  5350 | D:4      | Killed Ijyb
  5357 | D:4      | Found a staircase to the Ecumenical Temple.
  5529 | Temple   | Entered the Ecumenical Temple
  5563 | Temple   | Became a worshipper of Uskayaw the Reveler
  5563 | Temple   | Reached * piety under Uskayaw
  5621 | D:4      | Killed Sigmund
  5807 | D:4      | Reached ** piety under Uskayaw
  6202 | D:8      | Noticed Prince Ribbit
  6210 | D:8      | Killed Prince Ribbit
  6655 | D:8      | Reached skill level 12 in Unarmed Combat
  6787 | D:9      | Noticed a two-headed ogre
  6802 | D:9      | Killed a two-headed ogre
  6802 | D:9      | Reached *** piety under Uskayaw
  6940 | D:9      | Found Piec's Weapon Shoppe.
  7011 | D:9      | Found a basalt altar of Yredelemnul.
  7070 | D:9      | Noticed a two-headed ogre
  7080 | D:9      | Killed a two-headed ogre
  7460 | D:10     | Entered Level 10 of the Dungeon
  7525 | D:10     | Reached **** piety under Uskayaw
  7548 | D:10     | Found a staircase to the Orcish Mines.
  7766 | D:10     | Noticed a death yak
  7783 | D:10     | Noticed a death yak
  7789 | D:10     | Reached skill level 13 in Unarmed Combat
  7790 | D:10     | Noticed a death yak
  7801 | D:10     | Killed a death yak
  7801 | D:10     | Reached XP level 11. HP: 41/101 MP: 6/10
  7805 | D:10     | Reached ***** piety under Uskayaw
  7810 | D:10     | Killed a death yak
  7811 | D:10     | Reached ****** piety under Uskayaw
  7821 | D:10     | Killed a death yak
  7821 | D:10     | Reached skill level 5 in Fighting
  7956 | D:10     | Found a staircase to the Lair.
  8175 | D:10     | Noticed a centaur warrior
  8186 | D:10     | Killed a centaur warrior
  8342 | D:10     | Noticed a two-headed ogre
  8368 | D:10     | Killed a two-headed ogre
  8803 | Orc:1    | Entered Level 1 of the Orcish Mines
  8808 | Orc:1    | Found Dupoany's Book Boutique.
  8921 | Orc:2    | Entered Level 2 of the Orcish Mines
  8962 | Orc:1    | Noticed an orc warlord
  8962 | Orc:1    | Noticed a two-headed ogre
  8975 | Orc:1    | Killed an orc warlord
  8975 | Orc:1    | Reached skill level 14 in Unarmed Combat
  8979 | Orc:1    | Killed a two-headed ogre
  8981 | Orc:1    | Slain by an orc warrior

Vault maps used:
D:1:      dpeg_arrival_rooms_with_view, minmay_misc_feat_tower,
          minmay_pentomino_u4
D:2:      cheibriados_altar_1, lemuel_crystal_altar, uniq_robin
D:3:      lemuel_crystal_altar, lemuel_coloured_pillars_altar,
          gup_sewer_entry_bowl, serial_bayou, serial_bayou_lake_a,
          serial_bayou_pond_b, serial_bayou_ford_a
D:4:      nicolae_overflow_hidden_temple, lemuel_doored_altar,
          minmay_temple_entry_mist, uniq_blork_the_orc, uniq_grinder, uniq_ijyb,
          uniq_sigmund
D:5:      minmay_diamond_boxcup, kennysheep_mini_moat,
          kennysheep_okawaru_gauntlet, first_bread, cheibrodos_ashenzari_chains
D:6:      kennysheep_mini, nicolae_tso_besieged_by_evil
D:7:      overflow_temple_1_default, old_standard_altar, bloody_makhleb
D:8:      uniq_joseph, uniq_prince_ribbit1
D:9:      yredelemnul_altar_generic, serial_shops, nicolae_shop_trees, hex_large
D:10:     dpeg_lair_monsters, erik_orc_3
Temple:   corrupted_temple
Orc:1:    serial_shops, nicolae_shop_trees, nicolae_shop_crystal, shop,
          nicolae_shop_statue_plus, nicolae_volcano_entry_lava_flow
Orc:2:    grunt_orc_community_town_hall, grunt_orc_community_big_house_1,
          grunt_orc_community_big_house_1, grunt_orc_community_house_3,
          grunt_orc_community_house_3, grunt_orc_community_house_3,
          grunt_orc_community_house_1

Skill      XL: |  1  2  3  4  5  6  7  8  9 10 11 |
---------------+----------------------------------+-----
Unarmed Combat | 4 5 6 7 9 11 13 14 | 14.1
Dodging        | 3 4 5 6 7 |  7.6
Fighting       | 3 4 6 |  6.2
Stealth        | 2 3 4 |  4.5

Action                   |  1- 3 |  4- 6 |  7- 9 | 10-12 || total
-------------------------+-------+-------+-------+-------++-------
Melee: Unarmed           |   105 |   136 |   342 |   301 ||   884
       Punch             |     1 |     3 |    11 |    22 ||    37
Invok: Stomp             |       |       |       |     4 ||     4
  Use: Potion            |     5 |       |     4 |     3 ||    12
       Scroll            |       |     1 |     8 |     1 ||    10
 Stab: Sleeping          |     1 |     3 |     7 |     7 ||    18
       Distracted        |       |       |     1 |       ||     1
       Paralysed         |       |       |       |    13 ||    13
  Eat: Chunk             |     9 |    12 |    29 |    46 ||    96
       Meat ration       |     1 |       |       |       ||     1
Armor: Robe              |    53 |    52 |    88 |    35 ||   228
       Skin              |       |       |       |    56 ||    56
Dodge: Dodged            |   120 |   114 |   187 |   119 ||   540

Table legend:
 A = Spawn XP
 B = Non-spawn XP
 C = Spawn XP percentage of total XP
 D = Spawn monster count
 E = Non-spawn monster count
 F = Spawn count percentage of total count
 G = Total turns spent on level
                    A         B        C        D         E        F      G
               +---------+---------+-------+---------+---------+-------+---------
         Total |       0 |   20435 |   0.0 |       0 |     311 |   0.0 |  8981
               +---------+---------+-------+---------+---------+-------+---------
           D:1 |       0 |      17 |   0.0 |       0 |      10 |   0.0 |   650
           D:2 |       0 |      94 |   0.0 |       0 |      39 |   0.0 |   579
           D:3 |       0 |     303 |   0.0 |       0 |      40 |   0.0 |   957
           D:4 |       0 |     841 |   0.0 |       0 |      21 |   0.0 |  1249
           D:5 |       0 |    1132 |   0.0 |       0 |      28 |   0.0 |   988
           D:6 |       0 |    1001 |   0.0 |       0 |      30 |   0.0 |   640
           D:7 |       0 |    1142 |   0.0 |       0 |      28 |   0.0 |   765
           D:8 |       0 |    2723 |   0.0 |       0 |      39 |   0.0 |   896
           D:9 |       0 |    2320 |   0.0 |       0 |      11 |   0.0 |   685
          D:10 |       0 |    7492 |   0.0 |       0 |      45 |   0.0 |  1343
         Orc:1 |       0 |    3250 |   0.0 |       0 |      16 |   0.0 |   137
         Orc:2 |       0 |     120 |   0.0 |       0 |       4 |   0.0 |    41
               +---------+---------+-------+---------+---------+-------+---------
